 Dungeon Crawl Stone Soup version 0.17-a0-1741-gd5e8965 (webtiles) character file.

16510 MikeDS the Protected (level 12, -19/106 HPs)
             Began as a Minotaur Fighter on Aug 31, 2015.
             Was a High Priest of Okawaru.
             Demolished by an ice devil (32 damage)
             ... summoned by an orc high priest
             ... on level 3 of the Orcish Mines.
             The game lasted 02:26:00 (19493 turns).

MikeDS the Protected (Minotaur Fighter)            Turns: 19493, Time: 02:26:01

Health: -19/106    AC: -9    Str: 22    XL:     12   Next: 10%
Magic:  11/11      EV: 10    Int:  6    God:    Okawaru [*****.]
Gold:   1095       SH: 13    Dex: 13    Spells: 0 memorised, 11 levels left

rFire  + . .     SeeInvis .     a - +5 flail (holy)
rCold  . . .     Clarity  +     (no armour)
rNeg   . . .     SustAt   +     c - +1 shield
rPois  .         Gourm    .     (helmet restricted)
rElec  .         Spirit   .     t - +0 cloak
rCorr  .         Warding  .     f - +0 pair of gloves
rMut   .         Stasis   .     (no boots)
MR     .....                    m - amulet of clarity
Stlth  +++.......               w - ring of sustain attributes
                                B - ring of protection from fire

@: about to teleport, corroded equipment, not resistant to hostile enchantments,
fairly stealthy
A: retaliatory headbutt, horns 2
a: Heroism, Finesse, Renounce Religion


You were on level 3 of the Orcish Mines.
You worshipped Okawaru.
Okawaru was extremely pleased with you.
You were not hungry.

You visited 2 branches of the dungeon, and saw 14 of its levels.
You also visited: Ossuary.

You collected 1812 gold pieces.
You spent 717 gold pieces at shops.

Inventory:

Hand weapons
 a - a +5 flail of holy wrath (weapon)
 b - a +0 hunting sling
 v - a +2 dagger of venom
 x - a +0 broad axe of venom
 C - the +4 spear "Oshofo" {venom, +Inv}
   (You found it on level 10 of the Dungeon)

   It poisons the flesh of those it strikes.
   It lets you turn invisible.
 H - a +1 trident of flaming
 M - a +0 hand axe of freezing
 Q - a +2 short sword
Missiles
 g - 29 tomahawks (quivered)
 j - 217 stones
 q - 33 poisoned arrows
 S - 5 javelins of returning
 Z - a javelin of penetration
Armour
 c - a +1 shield (worn)
 f - a +0 pair of gloves (worn)
 t - a +0 cloak (worn)
 A - a +1 chain mail of poison resistance
Jewellery
 i - an uncursed ring of see invisible
 m - an amulet of clarity (around neck)
 w - a ring of sustain attributes (right hand)
 B - a ring of protection from fire (left hand)
 G - a cursed ring of poison resistance {unknown}
 I - a cursed ring of loudness {unknown}
 R - an uncursed amulet of resist corrosion
Magical devices
 u - a wand of magic darts (33)
 J - a wand of paralysis (5)
 P - a wand of polymorph (9)
Scrolls
 k - a scroll of identify
 l - a scroll of recharging
 o - 5 scrolls of fog
 r - 5 scrolls of magic mapping
 y - a scroll of noise {unknown}
 E - 2 scrolls of enchant armour
 F - a scroll of fear {unknown}
 O - 3 scrolls of enchant weapon
 T - a scroll of summoning {unknown}
 X - a scroll of vulnerability {unknown}
Potions
 h - a potion of might
 n - 4 potions of haste
 p - a potion of curing
 s - a potion of cure mutation {unknown}
 z - a potion of heal wounds
 U - a potion of flight {unknown}
 V - 3 potions of resistance
 W - 2 potions of poison {unknown}
 Y - a potion of berserk rage {unknown}
Comestibles
 d - a chunk of flesh
 e - 11 bread rations
 D - a fruit
 K - 3 meat rations
 L - a slice of pizza


   Skills:
 + Level 10.1 Fighting
 + Level 4.9(8.0) Axes
 + Level 9.7(10.2) Maces & Flails
 + Level 5.1(6.4) Slings
   Level 3.1 Bows
 - Level 5.3(6.2) Throwing
 + Level 10.2 Armour
 + Level 7.5 Stealth
 + Level 10.1 Shields


You had 11 spell levels left.
You didn't know any spells.

Dungeon Overview and Level Annotations

Branches:
Dungeon (10/15)            Temple (0/1) D:7            Lair (0/8) D:10
    Orc (4/4) D:9             Elf (0/3) Orc:3

Altars:
Elyvilon
Makhleb
Nemelex Xobeh
Okawaru
Xom
Yredelemnul
Zin
The Shining One

Shops:
D:8 }[   D:10 %   Orc:2 =*([   Orc:4 (


Innate Abilities, Weirdness & Mutations

You reflexively headbutt those who attack you in melee.
You have a pair of horns on your head.


Message History

The ice devil freezes you!!
* * * LOW HITPOINT WARNING * * *
You block the orc high priest's attack.
Drink which item? (? for menu, Esc to quit)
You feel much better. The rust devil hits you.
* * * LOW HITPOINT WARNING * * *
The rust devil corrodes you! The ice devil misses you. You furiously retaliate!
You headbutt the ice devil!
The orc high priest utters an invocation to Beogh.
You block the rust devil's attack.
The orc high priest prays to Beogh.
The orc high priest is healed somewhat.
Read which item? (? for menu, Esc to quit)
As you read the scroll of teleportation, it crumbles to dust.
You feel strangely unstable. The rust devil hits you!
* * * LOW HITPOINT WARNING * * *
The rust devil corrodes you! The ice devil hits you!
* * * LOW HITPOINT WARNING * * *
The ice devil freezes you!!
You die...

##.#..............##).
#.......#...........#.
#.......)............#
##...................#
#.........)..##......
##..#........[.#......
#...........)<........
##....................
##...@4...............
#.....3)o......>......
##....)>3.......#.....
##.....[..............
#......[..............
#................###..
##.......####...###...
###....#.##....##....
##..#...##..####.#.


You could see an ice devil, an orc high priest, a sun demon and a rust devil.

Vanquished Creatures
  A deep elf demonologist (Orc:3)
  The ghost of kae the Martial Artist, a powerful DsMo of Qazlal (D:10)
  The ghost of kosy22 the Covered, an experienced DgFi (D:9)
  3 orc knights (Orc:3)
  Pikel (D:5)
  2 hill giants
  5 orc sorcerers
  A gargoyle (D:8)
  A slime creature (D:6)
  A two-headed ogre (D:9)
  2 hippogriffs
  A hungry ghost (D:9)
  2 wargs
  2 insubstantial wisps (D:10)
  Duvessa (D:7)
  A water moccasin (D:9)
  2 sky beasts
  14 ogres
  10 orc warriors
  4 ice beasts
  5 centaurs
  3 big kobolds
  6 giant frogs
  Dowan (D:7)
  A wyvern skeleton (D:8)
  A water moccasin skeleton (D:10)
  4 wights
  21 orc priests
  7 centaur zombies
  5 crimson imps
  7 hounds
  6 jellies
  A giant frog skeleton (D:9)
  41 orc wizards
  11 worker ants
  A killer bee zombie (D:9)
  A hound zombie (D:10)
  A hound skeleton (D:9)
  A worker ant zombie (D:8)
  9 gnolls
  2 mummies (D:7)
  13 adders
  A river rat (D:10)
  14 oozes
  5 adder zombies (Ossuary)
  3 worms
  141 orcs
  6 bats
  4 giant cockroaches
  7 goblins
  8 hobgoblins
  16 jackals
  4 quokkas
  3 ball pythons
  4 giant geckos
  3 giant gecko skeletons (D:4)
  A giant gecko zombie (D:6)
  5 giant newts
  A gnoll zombie (Ossuary)
  2 goblin zombies (Ossuary)
  6 hobgoblin zombies (Ossuary)
  28 kobolds
  3 kobold zombies (Ossuary)
  3 quokka zombies
  7 rats
  2 rat zombies (Ossuary)
481 creatures vanquished.

Vanquished Creatures (others)
  A steam dragon (D:10)
  2 sky beasts (D:10)
  An adder zombie (D:5)
  A giant cockroach (D:1)
  A giant newt (D:5)
  8 fungi (D:6)
14 creatures vanquished.

Grand Total: 495 creatures vanquished

Notes
Turn   | Place    | Note
--------------------------------------------------------------
     0 | D:1      | MikeDS the Minotaur Fighter began the quest for the Orb.
     0 | D:1      | Reached XP level 1. HP: 19/19 MP: 0/0
   148 | D:1      | Reached XP level 2. HP: 22/27 MP: 1/1
   861 | D:2      | Reached XP level 3. HP: 29/33 MP: 2/2
   956 | D:2      | Reached skill level 4 in Shields
   997 | D:2      | Reached skill level 1 in Stealth
  1216 | D:2      | Found a basalt altar of Yredelemnul.
  1421 | D:2      | Found an iron altar of Okawaru.
  1421 | D:2      | Found a burning altar of Makhleb.
  1424 | D:2      | Found a glowing silver altar of Zin.
  1434 | D:2      | Became a worshipper of Warmaster Okawaru
  1555 | D:2      | You fall through a shaft for 2 floors!
  1628 | D:4      | Reached skill level 1 in Throwing
  1628 | D:4      | Reached XP level 4. HP: 31/40 MP: 3/3
  1821 | D:3      | Reached XP level 5. HP: 46/46 MP: 4/4
  2523 | D:3      | Found a burning altar of Makhleb.
  2523 | D:3      | Noticed a blizzard demon
  2526 | D:3      | Noticed an orange demon
  2526 | D:3      | Noticed an orange demon
  3040 | D:4      | Noticed an ogre
  3044 | D:3      | Reached XP level 6. HP: 46/53 MP: 5/5
  3170 | D:5      | Entered Level 5 of the Dungeon
  3371 | D:4      | Acquired Okawaru's first power
  3400 | D:4      | Killed an ogre
  3400 | D:4      | Reached skill level 5 in Armour
  3400 | D:4      | Reached skill level 5 in Shields
  3458 | D:4      | Reached skill level 5 in Fighting
  3918 | D:5      | Noticed Pikel
  4092 | D:5      | Reached XP level 7. HP: 46/61 MP: 6/6
  4295 | D:5      | Killed Pikel
  4295 | D:5      | Reached skill level 5 in Maces & Flails
  4295 | D:5      | Reached XP level 8. HP: 67/70 MP: 7/7
  4312 | D:5      | Reached skill level 6 in Armour
  4904 | D:6      | Found a shimmering altar of Xom.
  5130 | D:6      | Noticed a slime creature
  5662 | D:6      | Killed a slime creature
  5900 | D:6      | Reached XP level 9. HP: 75/78 MP: 8/8
  6082 | D:7      | Found a sand-covered staircase.
  6086 | Ossuary  | Entered an ossuary
  6391 | Ossuary  | Reached skill level 7 in Armour
  6806 | D:7      | Noticed Dowan
  6840 | D:7      | Reached skill level 1 in Bows
  6904 | D:7      | Noticed Duvessa
  7225 | D:7      | Found a staircase to the Ecumenical Temple.
  7450 | D:7      | Found a sparkling altar of Nemelex Xobeh.
  7450 | D:7      | Found a glowing golden altar of the Shining One.
  7746 | D:7      | Killed Duvessa
  7749 | D:7      | Killed Dowan
  7749 | D:7      | Reached skill level 5 in Stealth
  8205 | D:8      | Noticed a hill giant
  8700 | D:8      | Found a white marble altar of Elyvilon.
  8859 | D:8      | Noticed a gargoyle
  9114 | D:8      | Found Xaloxt's Gadget Shoppe.
  9250 | D:8      | Reached XP level 10. HP: 86/88 MP: 9/9
  9275 | D:8      | Found Rowiun's Antique Armour Shoppe.
  9328 | D:8      | Killed a gargoyle
  9328 | D:8      | Reached skill level 8 in Armour
  9452 | D:8      | Killed a hill giant
  9452 | D:8      | Received a gift from Okawaru
  9452 | D:8      | Reached skill level 5 in Throwing
  9750 | D:9      | Noticed kosy22's ghost (experienced DgFi)
 10333 | D:9      | Found a staircase to the Orcish Mines.
 10462 | D:9      | Reached skill level 1 in Slings
 10716 | D:9      | Acquired Okawaru's second power
 10840 | D:9      | Paralysed by a kobold for 2 turns
 11025 | D:9      | Killed kosy22's ghost
 11025 | D:9      | Reached skill level 9 in Armour
 11389 | Orc:1    | Entered Level 1 of the Orcish Mines
 11798 | Orc:1    | Found an iron altar of Okawaru.
 11820 | Orc:1    | Reached skill level 1 in Axes
 11861 | Orc:1    | Received a gift from Okawaru
 12325 | Orc:2    | Found Yrhym's Assorted Antiques.
 12343 | Orc:2    | Found Tyarph's Antique Weapon Shop.
 12416 | Orc:2    | Bought a pair of boots for 90 gold pieces
 12416 | Orc:2    | Bought a green potion for 18 gold pieces
 12416 | Orc:2    | Bought a scroll of identify for 40 gold pieces
 12416 | Orc:2    | Bought a scroll labeled FUHEGERE SIOFF for 20 gold pieces
 12416 | Orc:2    | Bought a runed chain mail for 90 gold pieces
 12473 | Orc:2    | Bought a runed flail for 77 gold pieces
 12473 | Orc:2    | Bought a glowing broad axe for 88 gold pieces
 12715 | Orc:2    | Reached XP level 11. HP: 76/95 MP: 10/10
 13048 | Orc:2    | Found Hunixt's Jewellery Boutique.
 13142 | Orc:2    | Received a gift from Okawaru
 13450 | Orc:3    | Found a staircase to the Elven Halls.
 13627 | Orc:3    | Noticed a deep elf demonologist
 13837 | Orc:2    | Found Yduy's Antique Armour Boutique.
 13840 | Orc:2    | Bought a fine chain mail for 294 gold pieces
 13851 | Orc:2    | Identified the cursed +1 chain mail of the Cooper {*Drain rPois Int+2} (You bought it in a shop on level 2 of the Orcish Mines)
 14621 | Orc:3    | Noticed a lorocyproca
 14626 | Orc:3    | Noticed a reaper
 14627 | Orc:3    | Killed a deep elf demonologist
 15446 | Orc:4    | Entered Level 4 of the Orcish Mines
 16070 | Orc:4    | Found Fiorinetif's Antique Weapon Shoppe.
 16076 | Orc:4    | Noticed an orc high priest
 16778 | Orc:3    | Received a gift from Okawaru
 18003 | Orc:4    | Noticed an orc high priest
 18334 | D:10     | Entered Level 10 of the Dungeon
 18408 | D:10     | Got a bloodstained spear
 18409 | D:10     | Identified the +4 spear "Oshofo" {venom, +Inv} (You found it on level 10 of the Dungeon)
 18428 | D:10     | Found a staircase to the Lair.
 18615 | D:10     | Found Soubbog's Food Emporium.
 18640 | D:10     | Noticed a hill giant
 18647 | D:10     | Killed a hill giant
 18647 | D:10     | Reached skill level 10 in Armour
 18810 | D:10     | Noticed kae's ghost (powerful DsMo)
 18822 | D:10     | Killed kae's ghost
 18822 | D:10     | Reached skill level 10 in Fighting
 18822 | D:10     | Reached skill level 5 in Slings
 18822 | D:10     | Reached skill level 10 in Shields
 18950 | D:10     | Reached XP level 12. HP: 76/106 MP: 11/11
 19489 | Orc:3    | HP: 5/106 [ice devil[an orc high priest] (32)]
 19493 | Orc:3    | Demolished by an ice devil

Vault maps used:
D:1:      lordsloth_arrival_two_stooges, lemuel_old_faithful
D:2:      yredelemnul_altar_generic, gammafunk_temple_overflow_forgotten
D:3:      first_bread, makhleb_altar_promises_db
D:5:      uniq_pikel
D:6:      lemuel_slime, basic_altar
D:7:      gammafunk_temple_overflow_wave, temple_fountains,
          nicolae_ossuary_entry_plus, uniq_duvessa
D:8:      kennysheep_mini, serial_shops, shop, nicolae_shop_stone,
          serial_curves, eino_curves_03, eino_curves_02, eino_curves_03,
          eino_curves_02
D:9:      orc_0_dummy, spider_trap, grunt_ogre_cave
D:10:     due_lair_maze_entry_diamond, serial_shops, shop, hangedman_misty_isle
Orc:1:    okawaru_metal_pillars_3
Orc:2:    minmay_goldmine, serial_shops, nicolae_shop_overgrown_old_shop,
          nicolae_shop_behind_doors, nicolae_shop_behind_doors, shop
Orc:3:    nicolae_orc_pool_cavern
Orc:4:    st_orc_elflike
Ossuary:  ossuary_boxes_badplayer

Action                   |  1- 3 |  4- 6 |  7- 9 | 10-12 || total
-------------------------+-------+-------+-------+-------++-------
Melee: Flail             |   113 |   173 |   407 |   567 ||  1260
       Dagger            |       |       |     9 |       ||     9
       War axe           |       |       |       |    82 ||    82
       Morningstar       |       |       |       |    31 ||    31
       Hand axe          |       |       |       |    73 ||    73
       Broad axe         |       |       |       |     1 ||     1
 Fire: Hunting sling     |       |       |       |    17 ||    17
Throw: Tomahawk          |     4 |    11 |    15 |   113 ||   143
       Stone             |     1 |     2 |       |       ||     3
       Javelin           |       |       |       |     2 ||     2
Invok: Heroism           |       |       |     2 |     8 ||    10
       Finesse           |       |       |       |     1 ||     1
  Use: Scroll            |       |    10 |     6 |     4 ||    20
       Potion            |       |     2 |     4 |     9 ||    15
 Stab: Distracted        |     1 |       |       |     2 ||     3
       Sleeping          |       |     1 |       |     2 ||     3
  Eat: Chunk             |     1 |     3 |     4 |    17 ||    25
       Meat ration       |     1 |     1 |     1 |     1 ||     4
       Beef jerky        |       |       |     2 |     6 ||     8
       Bread ration      |       |       |     1 |     2 ||     3
